 Dungeon Crawl Stone Soup version 0.22.1-2-g9c5b331 (webtiles) character file.

117 PaladinM the Slasher (level 5, -1/38 HPs)
             Began as a Human Warper on Jan 1, 2019.
             Slain by a leopard gecko (4 damage)
             ... on level 3 of the Dungeon.
             The game lasted 00:08:24 (1608 turns).

PaladinM the Slasher (Human Warper)                 Turns: 1608, Time: 00:08:25

Health: -1/38      AC:  5    Str: 11    XL:     5   Next: 22%
Magic:  1/8        EV: 12    Int: 14    God:
Gold:   56         SH:  0    Dex: 13    Spells: 4/8 levels left

rFire    . . .     SeeInvis +   h - +1 short sword (protect)
rCold    . . .     Gourm    .   (no shield)
rNeg     . . .     Faith    .   b - +0 leather armour
rPois    .         Spirit   .   (no helmet)
rElec    .         Reflect  .   (no cloak)
rCorr    .         Harm     .   i - +0 pair of gloves
MR       .....                  s - +0 pair of boots
Stlth    +.........             c - amulet of regeneration
HPRegen  0.52/turn              j - ring of see invisible
MPRegen  0.11/turn              (no ring)

@: lethally poisoned (-1 -> -1), shrouded (expiring), very slightly contaminated
A: no striking features
a: no special abilities


You were on level 3 of the Dungeon.
You were very hungry.

You visited 1 branch of the dungeon, and saw 3 of its levels.

You collected 56 gold pieces.

Inventory:

Hand Weapons
 h - a +1 short sword of protection (weapon)
 r - a +0 long sword
Missiles
 e - 5 tomahawks of dispersal (quivered)
Armour
 b - a +0 leather armour (worn)
 i - a +0 pair of gloves (worn)
 s - a +0 pair of boots (worn)
Jewellery
 c - an amulet of regeneration (around neck)
 j - a ring of see invisible (left hand)
Scrolls
 d - a scroll of blinking
 g - 2 scrolls of identify {unknown}
 k - 2 scrolls of noise {unknown}
 m - 2 scrolls of remove curse {unknown}
 n - a scroll of teleportation {unknown}
 o - a scroll of immolation {unknown}
 q - a scroll of fear {unknown}
Potions
 a - a potion of lignification {unknown}
 l - 2 potions of berserk rage {unknown}
Comestibles
 f - 7 rations


   Skills:
 - Level 2.0 Fighting
 + Level 5.0 Long Blades
 - Level 1.0 Throwing
 - Level 1.0 Armour
 - Level 2.0 Dodging
 - Level 2.0 Spellcasting
 - Level 3.0 Translocations


You had 4 spell levels left.
You knew the following spells:

 Your Spells              Type           Power        Failure   Level  Hunger
a - Shroud of Golubria    Chrm/Tloc      #.........   26%         2    ###....
b - Blink                 Tloc           N/A          14%         2    ###....

Your spell library contained the following spells:

 Spells                   Type           Power        Failure   Level  Hunger
 Gell's Gravitas          Tloc           #.........   26%         3    ####...
 Lesser Beckoning         Tloc           #.........   26%         3    ####...
 Teleport Other           Tloc           #.......     26%         3    ####...
 Passage of Golubria      Tloc           N/A          65%         4    #####..


Dungeon Overview and Level Annotations

Branches:
Dungeon (3/15)

Altars:
Cheibriados
Hepliaklqana
Kikubaaqudgha
Qazlal
Trog
Uskayaw
Yredelemnul


Message History

* * * LOW HITPOINT WARNING * * *
Your shroud bends the leopard gecko's attack away.
The jackal barely misses you.
The hobgoblin hits you but does no damage.
Okay, then.
Casting: Shroud of Golubria (safe; 26% risk of failure)
Confirm with . or Enter, or press ? or * to list all spells.
You blink.
You feel sick. The bat misses you. The bat closely misses you.
You feel sick. The bat hits you but does no damage.
Your shroud begins to fray at the edges.
Your shroud bends the bat's attack away.
Found a ruby potion.
You feel sick. The bat barely misses you. The leopard gecko closely misses you.
The leopard gecko misses you.
You feel sick.
The leopard gecko bites you but does no damage.
The leopard gecko bites you.
You die...

......g§)......
###...h.r...##. #
..........<.# .#
.###...<....##..##
.....##.##g......#
..##..$..roK...# .
......rb##......
#.....##l# #.....
..$...#@# ###.
#####....!.#
#.........
#............
#............
#............
.............
#.....!.......


You could see an orc, a leopard gecko, a hobgoblin, a bat, a kobold and 2 rats.

Vanquished Creatures
  A gnoll (D:1)
  5 adders
  An ooze (D:1)
  2 leopard geckos (D:1)
  An orc (D:2)
  A ball python (D:2)
  2 giant cockroaches
  3 goblins
  13 hobgoblins
  2 jackals (D:3)
  11 kobolds
  2 bats
  5 frilled lizards
  4 rats
53 creatures vanquished.

Notes
Turn   | Place    | Note
-------+----------+-------------------------------------------
     0 | D:1      | PaladinM the Human Warper began the quest for the Orb.
     0 | D:1      | Reached XP level 1. HP: 16/16 MP: 3/3
    85 | D:1      | Reached XP level 2. HP: 21/22 MP: 5/5
    90 | D:1      | Learned a level 2 spell: Shroud of Golubria
    93 | D:1      | Learned a level 2 spell: Blink
   180 | D:1      | Reached skill level 3 in Long Blades
   299 | D:1      | Reached XP level 3. HP: 27/27 MP: 6/6
   577 | D:1      | Reached skill level 4 in Long Blades
   577 | D:1      | Reached XP level 4. HP: 33/33 MP: 7/7
   798 | D:2      | Found a stormy altar of Qazlal.
   802 | D:2      | Found a bloodstained altar of Trog.
   804 | D:2      | Found a hide-covered altar of Uskayaw.
   804 | D:2      | Found a basalt altar of Yredelemnul.
   804 | D:2      | Found an ancient bone altar of Kikubaaqudgha.
   804 | D:2      | Found a hazy altar of Hepliaklqana.
   809 | D:2      | Found a snail-covered altar of Cheibriados.
  1489 | D:2      | Reached XP level 5. HP: 31/38 MP: 8/8
  1595 | D:3      | Reached skill level 5 in Long Blades
  1608 | D:3      | Slain by a leopard gecko

Skill      XL: |  1  2  3  4  5 |
---------------+----------------+-----
Long Blades    | 3 4 5 |  5.0
Fighting       | |  2.0
Throwing       | |  1.0
Armour         | |  1.0
Dodging        | |  2.0
Spellcasting   | |  2.0
Translocations | |  3.0

Action                   |  1- 3 |  4- 6 || total
-------------------------+-------+-------++-------
Melee: Falchion          |    13 |       ||    13
       Short sword       |   102 |   168 ||   270
 Cast: Shroud of Golubri |     1 |     2 ||     3
       Blink             |       |     1 ||     1
  Eat: Chunk             |       |     2 ||     2
Armor: Leather armour    |    48 |   145 ||   193
Dodge: Dodged            |    83 |   212 ||   295
       Rpst.: Falchion   |     2 |       ||     2
